 Dungeon Crawl Stone Soup version 0.31.0-11-ge490571c62 (webtiles) character file.

Game seed: 10213992059530433661

109967 theswoord the Cruncher (level 16, -5/198 HPs)
             Began as a Demonspawn Gladiator on Jan 31, 2024.
             Was the Champion of Okawaru.
             Killed from afar by a naga mage (7 damage)
             ... with a bolt of poison
             ... on level 1 of the Snake Pit.
             The game lasted 00:43:52 (25034 turns).

theswoord the Cruncher (Demonspawn Gladiator)      Turns: 25034, Time: 00:43:53

Health: -5/198     AC: 18    Str: 24      XL:     16   Next: 6%
Magic:  0/33       EV: 24    Int:  7 (8)  God:    Okawaru [******]
Gold:   772        SH:  8    Dex: 27      Spells: 15/15 levels left

rFire   + . .        I - +8 lajatang of Woucw {freeze, Str+3 Dex+5}
rCold   . . .        (shield currently unavailable)
rNeg    . . .        g - +5 leather armour "Leaddos" {rPois Will+}
rPois   .            F - +2 helmet
rElec   .            L - scarf {shadows}
rCorr   .            (gloves unavailable)
SInv    .            J - +1 pair of boots of Valour {Harm}
Will    ++...        H - amulet of guardian spirit Stlth
                     S - ring of magical power
HPRegen 0.53/turn    K - ring "Xezec" {Wiz rPois rF+ Str+3}
MPRegen 0.23/turn

%: harm (+30% outgoing, +20% incoming), guardian spirit, wizardry (x1)
@: berserking, lethally poisoned (-5 -> -29), poison vulnerable, slowed
A: claws 3, large bone plates 1, icemail 1, spiny 2, condensation shield, agile
1, deformed body, deterioration 1, inability to drink after injury 1
a: Renounce Religion, Heroism, Finesse, Duel


You were on level 1 of the Snake Pit.
You worshipped Okawaru.
Okawaru was exalted by your worship.
You visited 5 branches of the dungeon, and saw 24 of its levels.
You also visited: Bailey.

You collected 2514 gold pieces.
You spent 1742 gold pieces at shops.

Inventory:

Hand Weapons
 t - a +4 quarterstaff of electrocution
 x - the +8 storm bow {elec, penet}
   (You found it on level 9 of the Dungeon)
 C - the +8 quarterstaff of Duty {chaos, rPois Int+2 Dex-3}
   (You found it on level 15 of the Dungeon)

   Int+2:     It affects your intelligence (+2).
   Dex-3:     It affects your dexterity (-3).
   rPois:     It protects you from poison
 I - the +8 lajatang of Woucw (weapon) {freeze, Str+3 Dex+5}
   (Okawaru gifted it to you on level 2 of the Lair of Beasts)

   Str+3:     It affects your strength (+3).
   Dex+5:     It affects your dexterity (+5).
 M - the +8 mace of Nyemn {vamp, rF+ Int+3}
   (You found it on level 3 of the Lair of Beasts)

   Int+3:     It affects your intelligence (+3).
   rF+:       It protects you from fire.
Missiles
 c - 2 silver javelins
 d - 9 throwing nets (quivered)
 e - 36 javelins
Armour
 b - +0 ice dragon scales
 g - the +5 leather armour "Leaddos" (worn) {rPois Will+}
   (You found it on level 3 of the Dungeon)

   rPois:     It protects you from poison Will+: It increases your willpower.
 F - a +2 helmet (worn)
 J - the +1 pair of boots of Valour (worn) {Harm}
   (Okawaru gifted it to you on level 2 of the Lair of Beasts)

   Harm:      It increases damage dealt and taken.
 L - a scarf of shadows (worn)
Jewellery
 l - a ring of protection from cold
 q - a +6 ring of strength
 B - a +5 ring of evasion
 H - an amulet of guardian spirit (around neck)
 K - the ring "Xezec" (right claw) {Wiz rPois rF+ Str+3}
   (You bought it in a shop on level 2 of the Orcish Mines)

   [ring of wizardry]

   Wiz:       It improves your spell success rate.
   Str+3:     It affects your strength (+3).
   rF+:       It protects you from fire.
   rPois:     It protects you from poison
 S - a ring of magical power (left claw)
 U - an amulet of regeneration
Wands
 r - a wand of charming (10)
 s - a wand of digging (2)
 u - a wand of acid (5)
 y - a wand of iceblast (17)
Scrolls
 a - 2 scrolls of immolation
 f - a scroll of vulnerability
 i - a scroll of blinking
 j - 10 scrolls of teleportation
 k - 3 scrolls of silence
 m - 15 scrolls of identify
 o - 6 scrolls of enchant weapon
 v - 3 scrolls of noise
 w - a scroll of fear
 O - a scroll of amnesia
 P - 2 scrolls of revelation
 R - 5 scrolls of poison
Potions
 h - 4 potions of resistance
 n - 3 potions of enlightenment
 z - 2 potions of might
 A - 4 potions of lignification
 D - 4 potions of berserk rage
 G - a potion of cancellation
 T - a potion of haste


   Skills:
 + Level 13.8 Fighting
 + Level 14.8 Staves
 - Level 1.7 Throwing
 + Level 12.5 Armour
 + Level 12.8 Dodging
 - Level 11.5 Invocations


You had 15 spell levels left.
You didn't know any spells.
Your spell library was empty.

Dungeon Overview and Level Annotations

Branches:
Dungeon (15/15)            Temple (1/1) D:5            Lair (5/5) D:10
  Swamp (0/4) Lair:2        Snake (1/4) Lair:2        Slime (0/5) Lair:4
    Orc (2/2) D:11            Elf (0/3) Orc:2        Vaults (0/5) D:14
 Depths (0/4) D:15         Bailey (visited)

Altars:
Ashenzari
Cheibriados
Dithmenos
Fedhas
Gozag
Hepliaklqana
Kikubaaqudgha
Makhleb
Nemelex Xobeh
Okawaru
Qazlal
Ru
Sif Muna
Trog
Uskayaw
Vehumet
Wu Jian
Xom
Yredelemnul
Jiyva

Shops:
D:2 (   Orc:2 *=[=!

Annotations:
Orc:2 2 transporters, Yehuk's ghost, journeyman GrFi


Innate Abilities, Weirdness & Mutations

You have claws for hands.
You are partially covered in large bone plates. (SH +4)
A meltable icy envelope protects you from harm. (AC +4)
You are mostly covered in sharp spines.
A meltable shield of frost defends you. (SH +4)
You are agile. (Dex +4, Str/Int -1)
Armour fits poorly on your strangely shaped body.
Your body sometimes deteriorates upon taking damage.
You occasionally lose the ability to drink potions when taking damage.


Message History

The naga mage spits poison at you. The splash of poison misses you.
Throw: 10 throwing nets
Press: ? - help, Q - select action, (/) - cycle Shift-Dir - straight line, f - naga mage
Aim: a naga mage, wielding a +0 spear (fast, 69% to hit)
You throw a throwing net.
The throwing net closely misses the naga mage.
The naga mage hits you from afar with a +0 spear!
* * * LOW HITPOINT WARNING * * *
The naga mage spits poison at you.
The splash of poison hits you but does no damage.
You are lethally poisoned!
Okay, then.
A red film seems to cover your vision as you go berserk!
You feel yourself moving faster!
You feel mighty!
* * * LOW HITPOINT WARNING * * *
You feel very sick. The naga mage closely misses you.
The naga mage hits you but does no damage.
You feel a strong urge to attack something.
* * * LOW HITPOINT WARNING * * *
You feel sick. The naga mage completely misses you.
The naga mage hits you but does no damage.
Things that are here:
a +0 war axe; a naga corpse; a black mamba corpse You barely miss the naga mage.
* * * LOW HITPOINT WARNING * * *
You feel sick. You block the naga mage's attack.
You hit the naga mage. You freeze the naga mage.
The naga mage is lightly wounded.
* * * LOW HITPOINT WARNING * * *
You feel sick. The naga mage closely misses you.
You barely miss the naga mage.
The naga mage is lightly wounded.
* * * LOW HITPOINT WARNING * * *
You feel sick.
The naga mage points at you and mumbles some strange words.
The bolt of poison hits you!
You are more poisoned.
You die...

###.)#......#
#.........#
####.......########.###
....(.................#
#...........###......##
............#........#
...........##........##
......N....#.........#.
......@)...#.......###.
........)..#...........
..$.......##......)####
.####.....#...###..#
##....#..## ##.#
##..##..# ### ##....##
#.#### ###


You could see a naga mage (fast).

Vanquished Creatures
  Jorgrun (Arena)
  Kirke (D:13)
  Azrael (D:12)
  Josephine (D:11)
  The ghost of Fiha the Thaumaturge, a journeyman VSSh of Dithmenos (Lair:4)
  An ice dragon (Lair:5)
  Erolcha (D:9)
  2 catoblepae
  An anaconda (Snake:1)
  4 ogre magi
  3 boulder beetles (D:14)
  Harold (Lair:1)
  4 centaur warriors
  3 hydras
  12 two-headed ogres
  A sphinx skeleton (D:15)
  10 death yaks
  A vampire mage (D:14)
  Urug (D:13)
  Sonja (Lair:1)
  2 naga sharpshooters (Snake:1)
  A shock serpent (Snake:1)
  Nergalle (Lair:1)
  A storm dragon zombie (D:15)
  3 skeletal warriors (D:15)
  Lodul (D:13)
  A sea snake (Snake:1)
  A swamp dragon (Lair:5)
  2 skysharks
  A naga ritualist (Snake:1)
  3 mana vipers (Snake:1)
  3 necromancers
  Pikel (D:6)
  2 bog bodies (Lair:2)
  9 orc sorcerers
  2 deep elf pyromancers (D:14)
  2 orc knights
  2 deep elf zephyrmancers (D:14)
  5 ugly things (D:15)
  3 cyclopes
  2 manticores
  Maurice (D:8)
  3 meliai (D:14)
  21 elephants
  4 kobold blastminers (Orc:2)
  11 black mambas
  Joseph (D:9)
  A torpor snail (Lair:3)
  11 cane toads
  An unseen horror (shapeshifter) (D:15)
  3 gargoyles
  2 rime drakes (Lair:5)
  6 komodo dragons
  2 unseen horrors
  9 yaktaurs (D:15)
  8 trolls
  Grinder (D:4)
  3 polar bears
  2 hornets
  14 blink frogs
  A slime creature (Lair:4)
  6 wyverns
  9 wraiths
  2 vampires
  A human (shapeshifter) (D:15)
  55 yaks
  7 hogs (D:13)
  2 shadows
  2 fire elementals (D:12)
  Grum (D:9)
  5 basilisks
  2 humans (D:12)
  2 steam dragons
  3 wargs
  10 vampire mosquitoes
  5 nagas
  3 acid dragons
  12 water moccasins
  Duvessa (Temple)
  2 hell hounds (D:12)
  7 orc warriors
  4 ice beasts
  A swamp drake (Lair:5)
  19 ogres
  4 black bears
  2 laughing skulls (D:15)
  15 wolves
  14 centaurs
  2 phantoms (D:6)
  Blork the orc (D:5)
  3 kobold brigands
  15 bullfrogs
  9 gnoll sergeants
  A scorpion (D:4)
  Dowan (D:5)
  11 killer bees
  6 howler monkeys
  2 electric eels
  7 orc priests
  Crazy Yiuf (D:4)
  A bombardier beetle (D:5)
  8 gnoll boudas
  7 jellies
  8 hounds
  A sleepcap (D:7)
  2 iguanas
  Ijyb (D:4)
  35 orc wizards
  5 hell rats (Lair:1)
  4 polar bear simulacra (Lair:4)
  2 yak simulacra (Lair:4)
  5 wolf simulacra (Lair:4)
  32 gnolls
  4 adders
  2 shadow imps (D:6)
  2 white imps
  3 ribbon worms
  5 dart slugs
  50 orcs
  5 ball pythons
  8 bats
  8 endoplasms
  2 giant cockroaches
  7 goblins
  9 hobgoblins
  10 jackals
  4 quokkas
  5 frilled lizards
  9 kobolds
  6 rats
709 creatures vanquished.

Vanquished Creatures (collateral kills)
  A bombardier beetle (D:4)
1 creature vanquished.

Vanquished Creatures (others)
  An orc wizard (Orc:2)
1 creature vanquished.

Grand Total: 711 creatures vanquished

Notes
Turn   | Place    | Note
-------+----------+-------------------------------------------
     0 | D:1      | theswoord the Demonspawn Gladiator began the quest for the
                  | Orb.
     0 | D:1      | Reached XP level 1. HP: 16/16 MP: 1/1
    77 | D:1      | Reached skill level 3 in Staves
    94 | D:1      | Gained mutation: You are partially covered in sharp spines.
                  | [demonic ancestry]
    94 | D:1      | Reached XP level 2. HP: 19/22 MP: 2/2
   153 | D:1      | Found a faded altar of an unknown god.
   457 | D:1      | Reached XP level 3. HP: 24/27 MP: 3/3
   743 | D:2      | Reached skill level 4 in Staves
   876 | D:2      | Found Giviot's Antique Weapon Shoppe.
  1424 | D:2      | Reached XP level 4. HP: 33/33 MP: 4/4
  1674 | D:3      | Reached skill level 5 in Staves
  1690 | D:3      | Gained mutation: You have sharp fingernails. [demonic
                  | ancestry]
  1690 | D:3      | Reached XP level 5. HP: 22/38 MP: 5/5
  1712 | D:3      | Identified the +5 leather armour "Leaddos" {rPois Will+}
  2296 | D:4      | Reached skill level 6 in Staves
  2516 | D:4      | Noticed Grinder
  2533 | D:4      | Killed Grinder
  2534 | D:4      | Reached skill level 7 in Staves
  2534 | D:4      | Reached XP level 6. HP: 34/44 MP: 6/6
  2590 | D:4      | Noticed Ijyb
  2598 | D:4      | Killed Ijyb
  2605 | D:4      | Noticed Crazy Yiuf
  2605 | D:4      | Found a runed translucent door.
  2644 | D:4      | Gained mutation: You have very sharp fingernails. [demonic
                  | ancestry]
  2644 | D:4      | Reached XP level 7. HP: 46/50 MP: 7/7
  2962 | D:4      | Killed Crazy Yiuf
  2990 | D:5      | Entered Level 5 of the Dungeon
  2990 | D:5      | Noticed a wyvern
  2995 | D:5      | Killed a wyvern
  2996 | D:5      | Reached skill level 8 in Staves
  3057 | D:5      | Found a staircase to the Ecumenical Temple.
  3075 | D:5      | Noticed Dowan
  3075 | D:5      | Noticed Duvessa
  3080 | D:5      | Killed Dowan
  3086 | Temple   | Entered the Ecumenical Temple
  3205 | Temple   | Became a worshipper of Warmaster Okawaru
  3232 | Temple   | Killed Duvessa
  3233 | Temple   | Reached skill level 9 in Staves
  3233 | Temple   | Reached XP level 8. HP: 41/56 MP: 8/8
  3440 | D:5      | Noticed Blork the orc
  3447 | D:5      | Killed Blork the orc
  4179 | D:6      | Reached skill level 10 in Staves
  4237 | D:6      | Reached * piety under Okawaru
  4509 | D:6      | Noticed Pikel
  4513 | D:6      | Reached skill level 11 in Staves
  4517 | D:6      | Killed Pikel
  4518 | D:6      | Reached XP level 9. HP: 33/61 MP: 9/9
  5058 | D:6      | Reached ** piety under Okawaru
  5059 | D:6      | Reached skill level 12 in Staves
  5536 | D:7      | Reached skill level 1 in Armour
  5842 | D:7      | Reached *** piety under Okawaru
  5861 | D:7      | Gained mutation: A meltable shield of frost defends you.
                  | (SH +4) [demonic ancestry]
  5861 | D:7      | Reached XP level 10. HP: 64/71 MP: 10/10
  5886 | D:7      | Found the +3 hat of Pondering {ponderous, Will+ MP+10
                  | Int+5}
  6576 | D:8      | Noticed Maurice
  6581 | D:8      | Something stole 9 javelins
  6636 | D:8      | Something stole 321 gold
  6646 | D:8      | Killed Maurice
  6646 | D:8      | Reached **** piety under Okawaru
  7294 | D:8      | Reached skill level 5 in Fighting
  7326 | D:8      | Reached skill level 5 in Dodging
  7450 | D:9      | Found a flagged portal.
  7455 | Bailey   | Entered a bailey
  7707 | Bailey   | HP: 2/74 [gnoll sergeant/+0 halberd (4)]
  7943 | Bailey   | Identified the +2 robe of the Comet {rC++}
  8107 | Bailey   | Gained mutation: Armour fits poorly on your strangely
                  | shaped body. [potion of mutation]
  8107 | Bailey   | Gained mutation: You occasionally lose the ability to drink
                  | potions when taking damage. [potion of mutation]
  8107 | Bailey   | Gained mutation: Your body sometimes deteriorates upon
                  | taking damage. [potion of mutation]
  8107 | Bailey   | Gained mutation: You are agile. (Dex +4, Str/Int -1)
                  | [potion of mutation]
  8529 | D:9      | Noticed Grum
  8532 | D:9      | Reached ***** piety under Okawaru
  8538 | D:9      | Killed Grum
  8658 | D:9      | Reached skill level 13 in Staves
  8658 | D:9      | Reached skill level 5 in Armour
  8658 | D:9      | Gained mutation: You are mostly covered in sharp spines.
                  | [demonic ancestry]
  8658 | D:9      | Reached XP level 11. HP: 63/81 MP: 11/11
  8833 | D:9      | Noticed Joseph
  8834 | D:9      | Found the +8 storm bow {elec, penet}
  8842 | D:9      | Killed Joseph
  9271 | D:9      | Noticed Erolcha
  9282 | D:9      | Killed Erolcha
  9282 | D:9      | Received a gift from Okawaru
  9377 | D:10     | Entered Level 10 of the Dungeon
  9484 | D:10     | Found a staircase to the Lair.
  9561 | D:10     | Found a broken altar of Ashenzari.
  9674 | D:10     | Reached skill level 1 in Invocations
  9993 | Lair:1   | Entered Level 1 of the Lair of Beasts
 10181 | Lair:1   | Noticed Sonja
 10200 | Lair:1   | Killed Sonja
 10200 | Lair:1   | Received a gift from Okawaru
 10279 | Lair:1   | Noticed Harold
 10295 | Lair:1   | Killed Harold
 10569 | Lair:1   | Noticed Nergalle
 10588 | Lair:1   | Killed Nergalle
 11169 | Lair:2   | Noticed a bog body
 11172 | Lair:2   | Found a staircase to the Swamp.
 11172 | Lair:2   | Noticed a bog body
 11183 | Lair:2   | Killed a bog body
 11187 | Lair:2   | Killed a bog body
 11187 | Lair:2   | Received a gift from Okawaru
 11188 | Lair:2   | Reached XP level 12. HP: 44/92 MP: 7/15
 11364 | Lair:2   | Reached skill level 5 in Invocations
 11365 | Lair:2   | Reached ****** piety under Okawaru
 11366 | Lair:2   | Acquired the +8 lajatang of Woucw {freeze, Str+3 Dex+5}
 11366 | Lair:2   | Received a gift from Okawaru
 11368 | Lair:2   | Acquired the +1 pair of boots of Valour {Harm}
 11368 | Lair:2   | Received a gift from Okawaru
 11815 | Lair:2   | Found a staircase to the Snake Pit.
 11820 | Lair:2   | Received a gift from Okawaru
 12199 | Lair:2   | Reached skill level 14 in Staves
 12504 | Lair:3   | Noticed a death yak
 12507 | Lair:3   | Noticed a death yak
 12509 | Lair:3   | Noticed a death yak
 12510 | Lair:3   | Noticed a death yak
 12512 | Lair:3   | Killed a death yak
 12513 | Lair:3   | Noticed a death yak
 12513 | Lair:3   | Noticed a death yak
 12517 | Lair:3   | Killed a death yak
 12517 | Lair:3   | Received a gift from Okawaru
 12520 | Lair:3   | Killed a death yak
 12524 | Lair:3   | Killed a death yak
 12525 | Lair:3   | Gained mutation: You are partially covered in large bone
                  | plates. (SH +4) [demonic ancestry]
 12525 | Lair:3   | Reached XP level 13. HP: 58/101 MP: 12/18
 12921 | Lair:3   | Identified the +8 mace of Nyemn {vamp, rF+ Int+3}
 13676 | Lair:4   | Found a runed translucent door.
 13676 | Lair:4   | Noticed Fiha's ghost (journeyman VSSh)
 13692 | Lair:4   | Found a staircase to the Slime Pits.
 13693 | Lair:4   | Found a viscous altar of Jiyva.
 13724 | Lair:4   | Killed Fiha's ghost
 13726 | Lair:4   | Identified the +4 mace of Charity {freeze, rF+ SInv Stlth+}
 13773 | Lair:4   | Received a gift from Okawaru
 13774 | Lair:4   | Reached skill level 10 in Fighting
 14053 | Lair:4   | Received a gift from Okawaru
 14587 | Lair:4   | Reached skill level 10 in Dodging
 14848 | Lair:5   | Entered Level 5 of the Lair of Beasts
 14848 | Lair:5   | Found the +2 shield of Resistance {rF++ rC++ Will++}
 14939 | Lair:5   | Received a gift from Okawaru
 15440 | Lair:5   | Gained mutation: You have claws for hands. [demonic
                  | ancestry]
 15440 | Lair:5   | Reached XP level 14. HP: 113/113 MP: 21/21
 15471 | Lair:5   | Reached skill level 10 in Armour
 15659 | Lair:5   | Reached skill level 10 in Invocations
 15664 | Lair:5   | Received a gift from Okawaru
 16707 | D:11     | You fall into a shaft and drop 2 floors!
 16917 | D:12     | Noticed Azrael
 16933 | D:12     | Killed Azrael
 17266 | D:12     | Received a gift from Okawaru
 17783 | D:12     | Found an iron altar of Okawaru.
 18378 | D:11     | Noticed Josephine
 18386 | D:11     | Killed Josephine
 18394 | D:11     | Found a staircase to the Orcish Mines.
 18771 | Orc:1    | Entered Level 1 of the Orcish Mines
 19011 | Orc:2    | Entered Level 2 of the Orcish Mines
 19011 | Orc:2    | Found a staircase to the Elven Halls.
 19051 | Orc:2    | Received a gift from Okawaru
 19064 | Orc:2    | Found Atwyv's Assorted Antiques.
 19114 | Orc:2    | Bought a runed cloak for 262 gold pieces
 19114 | Orc:2    | Bought a bubbling dark potion for 31 gold pieces
 19236 | Orc:2    | Found a radiant altar of Vehumet.
 19242 | Orc:2    | Paralysed by an orc sorcerer for 5 turns
 19252 | Orc:2    | Found Danocew's Distillery.
 19642 | Orc:2    | Found a transporter.
 19644 | Orc:2    | Noticed Yehuk's ghost (journeyman GrFi)
 19660 | Orc:2    | Found a transporter.
 20226 | Arena    | Entered the Arena
 20250 | Orc:2    | Found Qankuih's Jewellery Emporium.
 20259 | Orc:2    | Found an ancient bone altar of Kikubaaqudgha.
 20312 | Orc:2    | Reached XP level 15. HP: 99/122 MP: 20/23
 20390 | Orc:2    | Bought the ring "Xezec" {Wiz rPois rF+ Str+3} for 981 gold
                  | pieces
 20403 | Orc:2    | Found Laklaum's Antique Armour Emporium.
 20411 | Orc:2    | Bought a twisted scale mail for 234 gold pieces
 20411 | Orc:2    | Identified the +0 scale mail of Immorality {+Inv rF- Str-4
                  | Dex+7} (You bought it in a shop on level 2 of the Orcish
                  | Mines)
 20411 | Orc:2    | Bought a spiked scale mail for 234 gold pieces
 20411 | Orc:2    | Identified the +5 scale mail of Syndicalism {rPois Dex+6}
                  | (You bought it in a shop on level 2 of the Orcish Mines)
 20414 | Orc:2    | Found Kosk's Jewellery Shoppe.
 20726 | D:13     | Received a gift from Okawaru
 20741 | D:13     | Noticed Kirke
 20760 | D:13     | Killed Kirke
 20922 | D:13     | Noticed Urug
 20928 | D:13     | Killed Urug
 21112 | D:13     | Noticed Lodul
 21120 | D:13     | Killed Lodul
 21566 | D:14     | Noticed Jorgrun
 21567 | Arena    | Entered the Arena
 21586 | Arena    | Killed Jorgrun
 21613 | D:14     | Received a gift from Okawaru
 21916 | D:14     | Found a shadowy altar of Dithmenos.
 21961 | D:14     | Found a gate to the Vaults.
 22580 | D:15     | Entered Level 15 of the Dungeon
 22584 | D:15     | Found a staircase to the Depths.
 22809 | D:15     | Received a gift from Okawaru
 23497 | D:15     | Found a shimmering blue altar of Sif Muna.
 23635 | D:15     | Received a gift from Okawaru
 23679 | D:15     | Identified the +8 quarterstaff of Duty {chaos, rPois Int+2
                  | Dex-3}
 24636 | Snake:1  | Entered Level 1 of the Snake Pit
 24728 | Snake:1  | Received a gift from Okawaru
 25009 | Snake:1  | Gained mutation: A meltable icy envelope protects you from
                  | harm. (AC +4) [demonic ancestry]
 25009 | Snake:1  | Reached XP level 16. HP: 132/132 MP: 24/24
 25030 | Snake:1  | HP: 6/198 [poisoned by a naga mage (splash of poison)]
 25033 | Snake:1  | HP: 2/198 [poisoned by a naga mage (splash of poison)]
 25034 | Snake:1  | Killed from afar by a naga mage

Skill      XL: |  1  2  3  4  5  6  7  8  9 10 11 12 13 14 15 |
---------------+----------------------------------------------+-----
Staves         | 3 4 5 7 9 11 12 13 14 | 14.8
Dodging        | 4 5 7 8 10 11 12 | 12.8
Armour         | 2 5 6 8 9 11 12 | 12.5
Fighting       | 3 6 7 9 11 12 13 | 13.8
Invocations    | 4 7 9 11 | 11.5
Throwing       | |  1.7

Action                     |  1- 3 |  4- 6 |  7- 9 | 10-12 | 13-15 | 16-18 || total
---------------------------+-------+-------+-------+-------+-------+-------++-------
  Melee: Quarterstaff      |    77 |    84 |   206 |   419 |       |       ||   786
         Unarmed           |       |       |       |     1 |       |       ||     1
         Lajatang          |       |       |       |   114 |   787 |    21 ||   922
         Mace              |       |       |       |       |     5 |       ||     5
   Fire: Longbow           |       |       |       |       |     8 |       ||     8
  Throw: Throwing net      |       |       |       |     7 |     2 |     1 ||    10
 Invoke: Heroism           |       |       |       |     1 |       |       ||     1
         Receive Weapon    |       |       |       |     1 |       |       ||     1
         Receive Armour    |       |       |       |     1 |       |       ||     1
         Duel              |       |       |       |       |     2 |       ||     2
    Use: Scroll            |     5 |     5 |     7 |     5 |     6 |       ||    28
         Potion            |       |     5 |       |     7 |     3 |     3 ||    18
   Stab: Invisible         |       |     3 |       |       |       |       ||     3
         Sleeping          |       |       |     1 |     1 |     7 |       ||     9
         Held in net/web   |       |       |       |     9 |       |       ||     9
         Distracted        |       |       |       |       |     1 |       ||     1
 Armour: Leather armour    |    16 |    25 |    93 |   332 |   331 |    16 ||   813
         Chain mail        |    22 |    48 |       |       |       |       ||    70
         Skin              |       |       |       |     4 |       |       ||     4
         Ice dragon scales |       |       |       |       |     5 |       ||     5
  Dodge: Dodged            |    32 |    37 |   100 |   405 |   535 |    25 ||  1134
  Block: Other             |       |       |       |    85 |   187 |    11 ||   283

Levels and vault maps discovered:
D:1:      sevenhm_arrival_forest_fort_small_5, layout_rooms,
          basic_ecumenical_altar, supply_closet_lemuel
D:2:      layout_loops_corners, serial_shops, shop
D:3:      layout_basic
D:4:      layout_cave_pools, marbit_many_paths, serial_bayou,
          serial_bayou_pond_a, serial_bayou_pond_b, serial_bayou_pond_c,
          serial_bayou_lagoon_a, hex_tiny, sigmund_army,
          uniq_crazy_yiuf_cottage, uniq_grinder, uniq_ijyb
D:5:      layout_loops_ring, minmay_temple_entry_glass,
          chequers_serial_rivers_large_a, uniq_blork_the_orc, uniq_duvessa
D:6:      layout_basic, minmay_hedge_maze, uniq_pikel
D:7:      nzn_winding_woodlands_cross [nzn_winding_woodlands_5x15_sidewinder,
          nzn_winding_woodlands_5x15_pool, nzn_winding_woodlands_5x15_default,
          nzn_winding_woodlands_5x15_cabin,
          nzn_winding_woodlands_15x15_boxy_spiral], layout_loops_ring,
          hangedman_decor_diamond_cutter
D:8:      layout_loops_ring, blue_anna_alchemist, uniq_maurice
D:9:      layout_irregular_city, enter_bailey_2, uniq_joseph, uniq_erolcha,
          uniq_grum
D:10:     layout_cave_pools, lemuel_doored_altar, david_lair_generic
D:11:     layout_basic, orc_0_dummy, uniq_josephine
D:12:     layout_cave_pools, okawaru_humans, uniq_azrael
D:13:     layout_loops_ring, uniq_urug, uniq_kirke, uniq_lodul
D:14:     layout_roguey, david_vaults_1, grunt_dithmenos_smoke, uniq_jorgrun
D:15:     gammafunk_depths_entry_grave, layout_layer_cave,
          hangedman_abyss_or_decor_lesser_grid, hellmonk_sif_muna_bookshelves
Temple:   nicolae_temple_slightly_damp_pantheon
Lair:1:   layout_cave_pods, pdpol_lair_neglected_garden, lemuel_fruit_tree,
          uniq_nergalle, uniq_harold, uniq_sonja
Lair:2:   layout_misc_corridors, skrybe_swamp_entry_bodies,
          guppyfry_snake_entry_island
Lair:3:   layout_gridlike, serial_bayou_shore_a
Lair:4:   layout_hall_layers, minmay_slime_entry_pillars, gammafunk_ghost_grave,
          eino_house_with_fridge, grunt_megastairs_2
Lair:5:   guppyfry_lair_end_dragon, layout_regular_city,
          infiniplex_staircase_pool_2
Snake:1:  layout_honeycomb, serial_bayou, serial_bayou_pond_c,
          serial_bayou_ford_a, serial_bayou_pond_e, serial_bayou_lagoon_b,
          minmay_shop_star, uniq_frances
Orc:1:    layout_caves
Orc:2:    kennysheep_orc_mage_school, layout_caves,
          gammafunk_ghost_berserking_beasts, serial_shops, shop,
          regret_index_minedec_shroomtown_chain, nicolae_orc_stony_grotto
